 Dungeon Crawl Stone Soup version 0.19.0-18-g426998a (webtiles) character file.

1290 Plasmo the Magician (level 8, -1/52 HPs)
             Began as a High Elf Wizard on Nov 11, 2016.
             Shot with an arrow by a centaur (11 damage)
             ... on level 5 of the Dungeon.
             The game lasted 00:41:59 (7811 turns).

Plasmo the Magician (High Elf Wizard)               Turns: 7811, Time: 00:42:00

Health: -1/52      AC:  4    Str:  8    XL:     8   Next: 30%
Magic:  2/17       EV: 15    Int: 23    God:
Gold:   320        SH:  0    Dex: 13    Spells: 5 memorised, 7 levels left

rFire  . . .     SeeInvis .     A - +0 falchion (flame)
rCold  + . .     Gourm    +     C - +0 leather armour
rNeg   . . .     Faith    .     (no shield)
rPois  .         Spirit   .     b - +1 hat
rElec  .         Reflect  .     (no cloak)
rCorr  .         Harm     .     (no gloves)
MR     .....                    (no boots)
Stlth  ++........               j - amulet of the gourmand
                                v - +2 ring of evasion
                                e - ring of protection from cold

@: very slightly contaminated
A: no striking features
a: no special abilities


You were on level 5 of the Dungeon.
You were very full.

You visited 1 branch of the dungeon, and saw 5 of its levels.
You also visited: Sewer.

You collected 320 gold pieces.

Inventory:

Hand Weapons
 A - a +0 falchion of flaming (weapon)
 F - a +0 long sword
Missiles
 m - 22 poisoned needles
Armour
 b - a +1 hat (worn)
 q - the +0 buckler of Failure {rPois rC+ MR- rCorr}
   (You found it in a sewer)

   It protects you from cold.
   It protects you from poison.
   It affects your resistance to hostile enchantments.
   It protects you from acid and corrosion.
 w - a +0 ring mail
 y - a +0 shield
 C - a +0 leather armour (worn)
Jewellery
 e - a ring of protection from cold (left hand)
 j - an amulet of the gourmand (around neck)
 v - a +2 ring of evasion (right hand)
Wands
 x - a wand of acid (0/15)
Scrolls
 g - a scroll of recharging
 u - a scroll of fear
 D - a scroll of remove curse
Potions
 f - 6 potions of flight
 h - a potion of beneficial mutation {unknown}
 k - a potion of ambrosia {unknown}
 n - a potion of resistance
 o - 2 potions of brilliance {unknown}
 r - a potion of might {unknown}
 B - a potion of lignification {unknown}
Books
 c - a book of Minor Magic

   Spells                             Type                      Level
   a - Magic Dart                     Conjuration                  1
   b - Blink                          Translocation                2
   c - Call Imp                       Summoning                    2
   d - Repel Missiles                 Charms/Air                   2
   e - Slow                           Hexes                        2
   f - Conjure Flame                  Conjuration/Fire             3
   g - Mephitic Cloud                 Conjuration/Poison/Air       3
Comestibles
 a - a beef jerky
 d - 5 bread rations
 i - 4 meat rations


   Skills:
 * Level 3.0 Fighting
 * Level 1.3 Long Blades
 - Level 2.4 Throwing
 * Level 2.9 Armour
 * Level 3.8 Dodging
 - Level 3.3 Stealth
 * Level 2.2 Shields
 * Level 5.7 Spellcasting
 * Level 3.5 Conjurations
 - Level 0.8 Summonings
 - Level 1.1 Translocations
 * Level 3.0 Fire Magic
 * Level 3.0 Air Magic
 + Level 0.0 Evocations


You had 7 spell levels left.
You knew the following spells:

 Your Spells              Type           Power        Failure   Level  Hunger
a - Magic Dart            Conj           ###.         2%          1    None
b - Call Imp              Summ           ##......     14%         2    None
c - Conjure Flame         Conj/Fire      ###.....     12%         3    #......
d - Mephitic Cloud        Conj/Pois/Air  ###.....     17%         3    #......
e - Blink                 Tloc           N/A          12%         2    None


Dungeon Overview and Level Annotations

Branches:
Dungeon (5/15)
 Temple: D:4-7

Altars:
Hepliaklqana
Ru


Message History

The magic dart hits the necrophage.
The necrophage is moderately damaged.
Casting: Magic Dart
Confirm with . or Enter, or press ? or * to list all spells.
Aiming: Mephitic Cloud
Press: ? - help, Shift-Dir - straight line, f - centaur, p - necrophage
Aim: a centaur, wielding a shortbow and carrying a wand of flame {zapped: 2} (lightly wounded)
You miscast Mephitic Cloud.
You are very lightly contaminated with residual magic.
Nothing appears to happen.
The centaur shoots an arrow.
The arrow barely misses you.
Casting: Mephitic Cloud
Confirm with . or Enter, or press ? or * to list all spells.
You don't have enough magic to cast that spell.
Unknown command.
The centaur shoots an arrow.
The arrow hits you!
* * * LOW HITPOINT WARNING * * *
You see here an arrow.
The centaur shoots an arrow.
The arrow hits you!
You die...

#..##..(.####
#....<.# .
#.##..(..#
##.....## #.
##....((.##
##......####..
#...#....#
####............#
#.#.#....#
#....####........
#.#.#...##
#.####.c.[#####..
#...#...#
##.####(#.(# .
####...##
#..##.._.(##
#...#
##@###.#.#.#
##...#
#........###
##..###
#...######
#...#####((##
##.n##..n§..#
#...#..#c####
#.....##.#
#......###>#
####.### ..#


You could see a centaur.

Vanquished Creatures
  The ghost of Wardy123 the Poker, an amateur VSGl (D:3)
  Menkaure (D:5)
  2 phantoms (D:4)
  A centaur (D:5)
  A scorpion (D:4)
  A centaur zombie (D:5)
  3 orc wizards (D:4)
  A bullfrog zombie (D:3)
  2 centaur skeletons
  2 hounds
  2 orc priests (D:4)
  A jelly (D:5)
  An iguana (D:4)
  4 worker ants (D:4)
  A worker ant zombie (D:5)
  A gnoll (D:3)
  12 adders
  4 oozes
  2 worms (Sewer)
  2 dart slugs
  3 leopard geckos
  15 orcs
  12 bats
  6 giant cockroaches
  9 goblins
  9 hobgoblins
  8 jackals
  A quokka (D:3)
  A ball python (D:1)
  9 frilled lizards
  8 kobolds
  7 rats
133 creatures vanquished.

Vanquished Creatures (others)
  An orc wizard (D:4)
1 creature vanquished.

Grand Total: 134 creatures vanquished

Notes
Turn   | Place    | Note
-------+----------+-------------------------------------------
     0 | D:1      | Plasmo the High Elf Wizard began the quest for the Orb.
     0 | D:1      | Reached XP level 1. HP: 11/11 MP: 6/6
   267 | D:1      | Reached XP level 2. HP: 15/18 MP: 5/7
   431 | D:1      | Reached skill level 1 in Fighting
   603 | D:1      | Reached skill level 4 in Spellcasting
   667 | D:1      | Reached XP level 3. HP: 23/23 MP: 6/9
   672 | D:1      | Learned a level 2 spell: Call Imp
   676 | D:1      | Learned a level 3 spell: Conjure Flame
   682 | D:1      | Learned a level 3 spell: Mephitic Cloud
  1163 | D:2      | Reached skill level 1 in Throwing
  1400 | D:2      | Reached skill level 1 in Armour
  1447 | D:2      | Reached XP level 4. HP: 28/28 MP: 4/11
  1451 | D:2      | Learned a level 2 spell: Blink
  1472 | D:2      | Found a sacrificial altar of Ru.
  1842 | D:3      | Noticed Wardy123's ghost (amateur VSGl)
  2110 | D:3      | Found a glowing drain.
  2128 | D:3      | Reached skill level 1 in Air Magic
  2132 | D:3      | Reached XP level 5. HP: 33/33 MP: 4/12
  2140 | D:3      | Reached skill level 1 in Fire Magic
  2159 | Sewer    | Entered a sewer
  2426 | Sewer    | Got a smoking buckler
  2432 | Sewer    | Identified the +0 buckler of Failure {rPois rC+ MR- rCorr} (You found it in a sewer)
  3358 | D:4      | Noticed a phantom
  3650 | D:4      | Killed a phantom
  3650 | D:4      | Reached XP level 6. HP: 10/38 MP: 2/14
  4460 | D:3      | Killed Wardy123's ghost
  4460 | D:3      | Reached skill level 1 in Shields
  4963 | D:4      | Reached skill level 5 in Spellcasting
  4963 | D:4      | Reached XP level 7. HP: 15/44 MP: 0/15
  6984 | D:5      | Entered Level 5 of the Dungeon
  7003 | D:5      | Noticed Menkaure
  7020 | D:5      | Killed Menkaure
  7020 | D:5      | Reached XP level 8. HP: 11/51 MP: 6/17
  7286 | D:5      | Found a hazy altar of Hepliaklqana.
  7664 | D:5      | Reached skill level 1 in Long Blades
  7811 | D:5      | Shot with an arrow by a centaur

Skill      XL: |  1  2  3  4  5  6  7  8 |
---------------+-------------------------+-----
Fighting       | 1 2 3 |  3.0
Spellcasting   | 4 5 |  5.7
Throwing       | 1 2 |  2.4
Armour         | 1 2 |  2.9
Air Magic      | 1 2 3 |  3.0
Fire Magic     | 1 2 3 |  3.0
Conjurations   | 2 3 |  3.5
Dodging        | 3 |  3.8
Shields        | 1 2 |  2.2
Stealth        | 3 |  3.3
Long Blades    | 1 |  1.3
Summonings     | |  0.8
Translocations | |  1.1

Action                   |  1- 3 |  4- 6 |  7- 9 || total
-------------------------+-------+-------+-------++-------
Melee: Short sword       |    42 |   150 |    71 ||   263
       Falchion          |       |       |    38 ||    38
 Cast: Magic Dart        |    77 |   139 |   115 ||   331
       Conjure Flame     |       |     7 |    11 ||    18
       Mephitic Cloud    |       |     5 |    23 ||    28
       Blink             |       |    12 |       ||    12
Evoke: Wand              |       |       |     2 ||     2
  Use: Potion            |     1 |     2 |     3 ||     6
       Scroll            |       |    10 |     7 ||    17
 Stab: Sleeping          |     3 |     1 |     1 ||     5
       Confused          |       |       |     3 ||     3
  Eat: Chunk             |    11 |     5 |    16 ||    32
Armor: Robe              |     9 |    46 |    12 ||    67
       Leather armour    |       |       |     9 ||     9
Dodge: Dodged            |    43 |   155 |    80 ||   278
Block: Buckler           |       |    12 |       ||    12
       Rpst.: Falchion   |       |       |    13 ||    13
